1977 views
Uploaded 2023-12-23 03:14:08
Game version 1.36 (6115)
12:24 long 1on1 custom game on (2)lastrefuge_s2_v1.5
Game name "deki"
Saved by dexon
1977 views
Uploaded 2023-12-23 03:14:08
Game version 1.36 (6115)
12:24 long 1on1 custom game on (2)lastrefuge_s2_v1.5
Game name "deki"

29 units @ 3.8k
/ 0.8k
14 buildings @ 2.9k
/ 1.3k


| Moonstone | 1 | 50 |
| Staff of Preservation | 1 | 150 |
| Boots of Speed | 1 | 250 |
| total: | 3 | 450g |
| Wisp | 13 | 780 | / | 0 |
| Archer | 6 | 780 | / | 60 |
| Dryad | 3 | 435 | / | 180 |
| Druid of the Claw | 7 | 1785 | / | 560 |
| total: | 29 | 3780g | / | 800w |
| Altar of Elders | 1 | 180 | / | 50 |
| Moon Well | 5 | 900 | / | 200 |
| Ancient of War | 1 | 150 | / | 60 |
| Hunter's Hall | 1 | 210 | / | 100 |
| Ancient of Wonders | 1 | 90 | / | 30 |
| Tree of Life | 3 | 1020 | / | 555 |
| Ancient of Lore | 2 | 310 | / | 290 |
| Tree of Ages | 1 | 320 | / | 180 |
| Tree of Eternity | 1 | 330 | / | 200 |
| total: | 14 | 2860g | / | 1285w |
| 0:02 | Wisp |
| 0:02 | Wisp |
| 0:05 | Altar of Elders |
| 0:16 | Moon Well |
| 0:23 | Ancient of War |
| 0:29 | Wisp |
| 0:37 | Wisp |
| 0:44 | Wisp |
| 0:57 | Wisp |
| 1:13 | Wisp |
| 1:16 | Wisp |
| 1:24 | Archer |
| 1:31 | Moon Well |
| 1:36 | Wisp |
| 1:39 | Wisp |
| 2:06 | Evasion |
| 2:31 | Tree of Ages |
| 2:34 | Archer |
| 2:40 | Archer |
| 2:56 | Hunter's Hall |
| 3:08 | Mana Burn |
| 3:10 | Archer |
| 3:32 | Archer |
| 3:34 | Moon Well |
| 3:38 | Archer |
| 4:35 | Boots of Speed |
| 4:59 | Frost Arrows |
| 5:22 | Ancient of Lore |
| 5:24 | Ancient of Lore |
| 5:25 | Wisp |
| 5:25 | Wisp |
| 5:58 | Mana Burn |
| 6:06 | Ancient of Wonders |
| 6:08 | Wisp |
| 6:32 | Moon Well |
| 6:35 | Dryad |
| 6:40 | Dryad |
| 6:59 | Abolish Magic |
| 7:02 | Forked Lightning |
| 7:07 | Tree of Life |
| 7:21 | Tree of Eternity |
| 7:24 | Dryad |
| 7:29 | Moonstone |
| 7:29 | Staff of Preservation |
| 7:54 | Druid of the Claw Adept Training |
| 8:12 | Tree of Life |
| 8:15 | Tree of Life |
| 8:30 | Druid of the Claw |
| 8:54 | Druid of the Claw |
| 9:15 | Moon Well |
| 9:44 | Druid of the Claw Master Training |
| 10:03 | Druid of the Claw |
| 10:28 | Druid of the Claw |
| 11:01 | Druid of the Claw |
| 11:25 | Druid of the Claw |
| 11:36 | Druid of the Claw |
| Right click | 600 |
| Select | 249 |
| Select group | 146 |
| Build/train/purchase | 62 |
| Assign group | 41 |
| Use ability | 36 |
| Item give/drop | 7 |
| Esc | 4 |
24 units @ 3.2k
/ 0.2k
13 buildings @ 1.4k
/ 0.5k


| Potion of Mana | 1 | 200 |
| Potion of Healing | 1 | 150 |
| Lesser Clarity Potion | 1 | 70 |
| Scroll of Regeneration | 1 | 100 |
| Scroll of Healing | 1 | 250 |
| Circlet of Nobility | 1 | 175 |
| total: | 6 | 945g |
| Peasant | 10 | 750 | / | 0 |
| Footman | 5 | 675 | / | 0 |
| Rifleman | 4 | 820 | / | 120 |
| Priest | 2 | 270 | / | 20 |
| Spell Breaker | 3 | 645 | / | 90 |
| total: | 24 | 3160g | / | 230w |
| Altar of Kings | 1 | 180 | / | 50 |
| Barracks | 1 | 160 | / | 60 |
| Farm | 7 | 560 | / | 140 |
| Blacksmith | 1 | 140 | / | 60 |
| Lumber Mill | 1 | 120 | / | 0 |
| Arcane Vault | 1 | 130 | / | 30 |
| Arcane Sanctum | 1 | 150 | / | 140 |
| Keep | 1 | 320 | / | 210 |
| total: | 13 | 1440g | / | 480w |
| 0:01 | Peasant |
| 0:02 | Peasant |
| 0:08 | Altar of Kings |
| 0:14 | Barracks |
| 0:19 | Farm |
| 0:25 | Peasant |
| 0:42 | Peasant |
| 0:57 | Farm |
| 1:03 | Peasant |
| 1:15 | Footman |
| 1:16 | Peasant |
| 1:29 | Peasant |
| 1:37 | Footman |
| 1:48 | Peasant |
| 1:59 | Peasant |
| 2:04 | Farm |
| 2:11 | Summon Water Elemental |
| 2:34 | Peasant |
| 2:49 | Keep |
| 2:50 | Footman |
| 3:13 | Footman |
| 3:22 | Blacksmith |
| 3:29 | Lumber Mill |
| 3:32 | Brilliance Aura |
| 3:45 | Footman |
| 3:49 | Farm |
| 4:39 | Arcane Vault |
| 5:13 | Arcane Sanctum |
| 5:24 | Rifleman |
| 5:29 | Farm |
| 5:39 | Circlet of Nobility |
| 6:13 | Summon Water Elemental |
| 6:23 | Potion of Mana |
| 6:24 | Potion of Healing |
| 6:24 | Lesser Clarity Potion |
| 6:24 | Scroll of Regeneration |
| 6:29 | Storm Bolt |
| 6:53 | Priest |
| 6:55 | Farm |
| 7:29 | Priest |
| 7:31 | Rifleman |
| 7:32 | Black Gunpowder |
| 7:49 | Spell Breaker |
| 8:28 | Farm |
| 8:31 | Spell Breaker |
| 8:32 | Rifleman |
| 8:39 | Bash |
| 8:59 | Scroll of Healing |
| 9:07 | Refined Gunpowder |
| 9:45 | Rifleman |
| 10:46 | Brilliance Aura |
| 10:49 | Storm Bolt |
| 11:05 | Spell Breaker |
| 12:21 | Brilliance Aura |
| Right click | 532 |
| Select group | 287 |
| Select | 247 |
| Build/train/purchase | 75 |
| Assign group | 33 |
| Misc. action | 24 |
| Use ability | 15 |
| Item give/drop | 3 |